PL
VANCOUVER GREY WOLVES @ RICHARDSON CITY THUNDERCATS
09/02/2023
 
TOP OF THE 1ST
Vancouver Grey Wolves batting - Pitching for Richardson City Thundercats : RHP Eduardo Díaz
Pitching: RHP Eduardo Díaz
Batting: RHB Emílio Ortíz 0-0: Ball
1-0: Called Strike
1-1: Ball
2-1: Fly out, F4 (Line Drive, 4M)
Batting: LHB Timmy Appeldoorn 0-0: Ball
1-0: Foul Ball, location: 2F
1-1: Called Strike
1-2: Foul Ball, location: 2F
1-2: Foul Ball, location: 2F
1-2: Ball
2-2: Ball
3-2: Ground out 4-3 (Groundball, 4)
Batting: SHB Gregg Wagner 0-0: Called Strike
0-1: Ball
1-1: Swinging Strike
1-2: SINGLE (Groundball, 34)
Batting: LHB Min-heui Im 0-0: Ball
1-0: Swinging Strike
1-1: Swinging Strike
1-2: Foul Ball, location: 2F
1-2: Foul Ball, location: 2F
1-2: Ball
2-2: Foul Ball, location: 2F
2-2: Fly out, F7 (Flyball, 7M)
Top of the 1st over - 0 run(s), 1 hit(s), 0 error(s), 1 left on base; Vancouver 0 - Richardson City 0
BOTTOM OF THE 1ST
Richardson City Thundercats batting - Pitching for Vancouver Grey Wolves : RHP Bill Fletcher
Pitching: RHP Bill Fletcher
Batting: RHB Nate Cates 0-0: Ball
1-0: Called Strike
1-1: Fly out, F7 (Flyball, 7D)
Batting: LHB Fernando Ramírez 0-0: Ball
1-0: Ground out U3 (Groundball, 3)
Batting: LHB Terrence Eler 0-0: Ball
1-0: Foul Ball, location: 2F
1-1: Ball
2-1: Ball
3-1: Ground out 3-1 (Groundball, 34)
Bottom of the 1st over - 0 run(s), 0 hit(s), 0 error(s), 0 left on base; Vancouver 0 - Richardson City 0
TOP OF THE 2ND
Vancouver Grey Wolves batting - Pitching for Richardson City Thundercats : RHP Eduardo Díaz
Batting: LHB José Alonso 0-0: Foul Ball, location: 2F
0-1: Ball
1-1: Ball
2-1: Foul Ball, location: 2F
2-2: Ground out 4-3 (Groundball, 4)
Batting: RHB Travis Newsome 0-0: Swinging Strike
0-1: Foul Ball, location: 2F
0-2: Ball
1-2: Ground out 6-3 (Groundball, 6)
Batting: RHB Alfredo Méndez 0-0: Ball
1-0: Foul Ball, location: 2F
1-1: Called Strike
1-2: Ball
2-2: Fly out, F2 (Popup, 25F)
Top of the 2nd over - 0 run(s), 0 hit(s), 0 error(s), 0 left on base; Vancouver 0 - Richardson City 0
BOTTOM OF THE 2ND
Richardson City Thundercats batting - Pitching for Vancouver Grey Wolves : RHP Bill Fletcher
Batting: SHB Seishiro Nishimura 0-0: Fly out, F6 (Popup, 6)
Batting: SHB Leonard O'Connor 0-0: Foul Ball, location: 2F
0-1: Ground out U3 (Groundball, 3S)
Batting: RHB Alden Wiley 0-0: Called Strike
0-1: Called Strike
0-2: Foul Ball, location: 2F
0-2: Foul Ball, location: 2F
0-2: SINGLE (Groundball, 6MD)
Batting: RHB Chriss Mann 0-0: Ball
1-0: Ball
2-0: Ball
3-0: Base on Balls
Alden Wiley to second
Batting: RHB Joey Jones 0-0: Ball
1-0: Called Strike
1-1: SINGLE (Line Drive, 4MD)
Alden Wiley to third
Chriss Mann to second
Batting: RHB Juan Cabrera 0-0: Ball
Wild Pitch!
Alden Wiley scores
Chriss Mann to third
Joey Jones to second
1-0: Ground out 6-3 (Groundball, 6M)
Bottom of the 2nd over - 1 run(s), 2 hit(s), 0 error(s), 2 left on base; Vancouver 0 - Richardson City 1
TOP OF THE 3RD
Vancouver Grey Wolves batting - Pitching for Richardson City Thundercats : RHP Eduardo Díaz
Batting: LHB Héctor Cortéz 0-0: SINGLE (Groundball, 34D)
Batting: RHB Danny Walsh 0-0: Ball
1-0: Ball
2-0: Ball
3-0: Base on Balls
Héctor Cortéz to second
Batting: RHB Emílio Ortíz 0-0: Ball
1-0: Called Strike
1-1: Ball
2-1: Called Strike
2-2: Foul Ball, location: 2F
2-2: Strikes out swinging
Batting: LHB Timmy Appeldoorn 0-0: Called Strike
0-1: Ground out 4-3 (Groundball, 4M)
Héctor Cortéz to third
Danny Walsh to second
Batting: SHB Gregg Wagner 0-0: Ball
1-0: SINGLE (Line Drive, 34D)
Héctor Cortéz scores
Danny Walsh to third
Runner from 3rd tries for Home, throw and OUT!
Top of the 3rd over - 1 run(s), 2 hit(s), 0 error(s), 1 left on base; Vancouver 1 - Richardson City 1
BOTTOM OF THE 3RD
Richardson City Thundercats batting - Pitching for Vancouver Grey Wolves : RHP Bill Fletcher
Batting: RHB Nate Cates 0-0: Ball
1-0: Foul Ball, location: 2F
1-1: Foul Ball, location: 2F
1-2: Foul Ball, location: 2F
1-2: Foul Ball, location: 2F
1-2: Ground out 4-3 (Groundball, 4MS)
Batting: LHB Fernando Ramírez 0-0: Ball
1-0: Swinging Strike
1-1: Ball
2-1: Called Strike
2-2: Ball
3-2: Fly out, F7 (Flyball, 7D)
Batting: LHB Terrence Eler 0-0: SINGLE (Line Drive, 78S)
Batting: SHB Seishiro Nishimura 0-0: Ball
1-0: Ball
2-0: Fly out, F6 (Popup, 6D)
Bottom of the 3rd over - 0 run(s), 1 hit(s), 0 error(s), 1 left on base; Vancouver 1 - Richardson City 1
TOP OF THE 4TH
Vancouver Grey Wolves batting - Pitching for Richardson City Thundercats : RHP Eduardo Díaz
Batting: LHB Min-heui Im 0-0: Called Strike
0-1: Foul Ball, location: 2F
0-2: Fly out, F9 (Line Drive, 9M)
Batting: LHB José Alonso 0-0: Foul Ball, location: 2F
0-1: Foul Ball, location: 2F
0-2: Ball
1-2: Ball
2-2: Ball
3-2: SINGLE (Groundball, 4MD)
Batting: RHB Travis Newsome 0-0: Foul Ball, location: 2F
0-1: Called Strike
0-2: Fly out, F9 (Flyball, 9D)
Batting: RHB Alfredo Méndez 0-0: SINGLE (Line Drive, 9S)
José Alonso to second
Batting: LHB Héctor Cortéz 0-0: Ball
1-0: Called Strike
1-1: Foul Ball, location: 2F
1-2: SINGLE (Line Drive, 34D)
José Alonso to third
Alfredo Méndez to second
Runner from 3rd tries for Home, SAFE, throw made home
Batting: RHB Danny Walsh 0-0: Ball
1-0: Swinging Strike
1-1: Ball
2-1: Ball
3-1: Fly out, F8 (Flyball, 8LM)
Top of the 4th over - 1 run(s), 3 hit(s), 0 error(s), 2 left on base; Vancouver 2 - Richardson City 1
BOTTOM OF THE 4TH
Richardson City Thundercats batting - Pitching for Vancouver Grey Wolves : RHP Bill Fletcher
Batting: SHB Leonard O'Connor 0-0: Called Strike
0-1: Ball
1-1: SINGLE (Groundball, 4M)
Batting: RHB Alden Wiley 0-0: Called Strike
0-1: Fly out, F3 (Popup, 3SF)
Batting: RHB Chriss Mann 0-0: Called Strike
0-1: Swinging Strike
0-2: Ball
1-2: Grounds into double play, 5-4-3 (Groundball, 56)
Bottom of the 4th over - 0 run(s), 1 hit(s), 0 error(s), 0 left on base; Vancouver 2 - Richardson City 1
TOP OF THE 5TH
Vancouver Grey Wolves batting - Pitching for Richardson City Thundercats : RHP Eduardo Díaz
Batting: RHB Emílio Ortíz 0-0: Ball
1-0: Called Strike
1-1: Foul Ball, location: 2F
1-2: Ball
2-2: Ground out 6-3 (Groundball, 56)
Batting: LHB Timmy Appeldoorn 0-0: Ball
1-0: Ball
2-0: Called Strike
2-1: Ball
3-1: Swinging Strike
3-2: Base on Balls
Pitching: RHP Juan Cruz
Batting: SHB Gregg Wagner 0-0: Ball
1-0: Ball
2-0: Called Strike
2-1: Ball
Passed Ball!
Timmy Appeldoorn to second
3-1: Called Strike
3-2: Foul Ball, location: 2F
3-2: Fly out, F8 (Flyball, 8LS)
Batting: LHB Min-heui Im 0-0: Ball
1-0: Foul Ball, location: 2F
1-1: Foul Ball, location: 2F
1-2: Ball
2-2: Strikes out looking
Top of the 5th over - 0 run(s), 0 hit(s), 0 error(s), 1 left on base; Vancouver 2 - Richardson City 1
BOTTOM OF THE 5TH
Richardson City Thundercats batting - Pitching for Vancouver Grey Wolves : RHP Bill Fletcher
Batting: RHB Joey Jones 0-0: Called Strike
0-1: Called Strike
0-2: Ball
1-2: Ball
2-2: Ball
3-2: Base on Balls
Batting: RHB Juan Cabrera 0-0: Called Strike
0-1: Ball
1-1: Fly out, F9 (Flyball, 89M)
Batting: RHB Nate Cates 0-0: Ball
Joey Jones is caught stealing 2nd base
1-0: Foul Ball, location: 2F
1-1: Swinging Strike
1-2: Ball
2-2: Foul Ball, location: 2F
2-2: Foul Ball, location: 2F
2-2: Foul Ball, location: 2F
2-2: Ball
3-2: Strikes out swinging
Bottom of the 5th over - 0 run(s), 0 hit(s), 0 error(s), 0 left on base; Vancouver 2 - Richardson City 1
TOP OF THE 6TH
Vancouver Grey Wolves batting - Pitching for Richardson City Thundercats : RHP Juan Cruz
Batting: LHB José Alonso 0-0: Called Strike
0-1: Fly out, F5 (Popup, 5DF)
Batting: RHB Travis Newsome 0-0: Ball
1-0: Ball
2-0: Called Strike
2-1: Foul Ball, location: 2F
2-2: Foul Ball, location: 2F
2-2: Strikes out swinging
Batting: RHB Alfredo Méndez 0-0: Called Strike
0-1: Ball
1-1: Ball
2-1: Ball
3-1: SINGLE (Flyball, 89S)
Batting: LHB Héctor Cortéz 0-0: Ball
1-0: Fly out, F7 (Popup, 56D)
Top of the 6th over - 0 run(s), 1 hit(s), 0 error(s), 1 left on base; Vancouver 2 - Richardson City 1
BOTTOM OF THE 6TH
Richardson City Thundercats batting - Pitching for Vancouver Grey Wolves : RHP Bill Fletcher
Batting: LHB Fernando Ramírez 0-0: Ball
1-0: Ground out 3-1 (Groundball, 34S)
Batting: LHB Terrence Eler 0-0: Called Strike
0-1: Ball
1-1: Called Strike
1-2: Ball
2-2: Fly out, F7 (Flyball, 78D)
Batting: SHB Seishiro Nishimura 0-0: Ball
1-0: Foul Ball, location: 2F
1-1: Fly out, F8 (Flyball, 8LS)
Bottom of the 6th over - 0 run(s), 0 hit(s), 0 error(s), 0 left on base; Vancouver 2 - Richardson City 1
TOP OF THE 7TH
Vancouver Grey Wolves batting - Pitching for Richardson City Thundercats : RHP Juan Cruz
Batting: RHB Danny Walsh 0-0: Ball
1-0: Ball
2-0: Called Strike
2-1: Foul Ball, location: 2F
2-2: Ball
3-2: Foul Ball, location: 2F
3-2: Base on Balls
Batting: RHB Emílio Ortíz 0-0: Bunted foul
0-1: Ball
1-1: Bunt missed!
1-2: Fly out, F7 (Flyball, 78M)
Batting: LHB Timmy Appeldoorn 0-0: Called Strike
0-1: Foul Ball, location: 2F
0-2: Foul Ball, location: 2F
0-2: Ball
1-2: Foul Ball, location: 2F
1-2: Grounds into double play, 4-6-3 (Groundball, 4M)
Top of the 7th over - 0 run(s), 0 hit(s), 0 error(s), 0 left on base; Vancouver 2 - Richardson City 1
BOTTOM OF THE 7TH
Richardson City Thundercats batting - Pitching for Vancouver Grey Wolves : RHP Bill Fletcher
Batting: SHB Leonard O'Connor 0-0: Called Strike
0-1: SINGLE (Line Drive, 78S)
Batting: RHB Alden Wiley 0-0: Ball
1-0: Called Strike
1-1: Ball
2-1: Foul Ball, location: 2F
2-2: SINGLE (Line Drive, 6MD)
Leonard O'Connor to second
Batting: RHB Chriss Mann 0-0: Called Strike
0-1: Ball
1-1: Ball
2-1: Swinging Strike
2-2: Strikes out swinging
Pitching: LHP Kevin Woods
Batting: RHB Joey Jones 0-0: Called Strike
0-1: Ground out 5-3 (Groundball, 5)
Leonard O'Connor to third
Alden Wiley to second
Batting: RHB Juan Cabrera 0-0: Ball
1-0: Foul Ball, location: 2F
1-1: Swinging Strike
1-2: SINGLE (Line Drive, 6MD)
Leonard O'Connor scores
Alden Wiley to third
Runner from 3rd tries for Home, throw and OUT!
Bottom of the 7th over - 1 run(s), 3 hit(s), 0 error(s), 1 left on base; Vancouver 2 - Richardson City 2
TOP OF THE 8TH
Vancouver Grey Wolves batting - Pitching for Richardson City Thundercats : RHP Juan Cruz
Batting: SHB Gregg Wagner 0-0: Called Strike
0-1: Ball
1-1: Ground out 5-3 (Groundball, 5S)
Batting: LHB Min-heui Im 0-0: Ball
1-0: Ball
2-0: Foul Ball, location: 2F
2-1: Swinging Strike
2-2: Fly out, F8 (Popup, 4MD)
Pitching: LHP Javier Ramírez
Batting: LHB José Alonso 0-0: Called Strike
0-1: Swinging Strike
0-2: Ball
1-2: Ball
2-2: Ball
3-2: SINGLE (Flyball, 7S)
Batting: RHB Travis Newsome 0-0: Called Strike
0-1: Swinging Strike
0-2: Ball
1-2: Strikes out swinging
Top of the 8th over - 0 run(s), 1 hit(s), 0 error(s), 1 left on base; Vancouver 2 - Richardson City 2
BOTTOM OF THE 8TH
Richardson City Thundercats batting - Pitching for Vancouver Grey Wolves : LHP Kevin Woods
Batting: RHB Nate Cates 0-0: Ball
1-0: Foul Ball, location: 2F
1-1: Called Strike
1-2: Ball
2-2: Ball
3-2: Ground out 5-3 (Groundball, 5S)
Batting: LHB Fernando Ramírez 0-0: Ball
1-0: Swinging Strike
1-1: Ball
2-1: Ball
3-1: Foul Ball, location: 2F
3-2: Foul Ball, location: 2F
3-2: Fly out, F8 (Flyball, 8LD)
Batting: LHB Terrence Eler 0-0: Ground out 4-3 (Groundball, 4)
Bottom of the 8th over - 0 run(s), 0 hit(s), 0 error(s), 0 left on base; Vancouver 2 - Richardson City 2
TOP OF THE 9TH
Vancouver Grey Wolves batting - Pitching for Richardson City Thundercats : LHP Javier Ramírez
Pitching: RHP Ryan Davis
Pinch Hitting: RHB Enrique Fuentes 0-0: Called Strike
0-1: Called Strike
0-2: Strikes out swinging
Batting: LHB Héctor Cortéz 0-0: Called Strike
0-1: Ball
1-1: SINGLE (Line Drive, 9S)
Batting: RHB Danny Walsh 0-0: Called Strike
0-1: Foul Ball, location: 2F
0-2: Strikes out swinging
Pinch Hitting: RHB Tony Farquharson 0-0: Ball
Héctor Cortéz steals 2nd base
1-0: Called Strike
1-1: Ball
2-1: Ball
3-1: Ground out 6-3 (Groundball, 6S)
Top of the 9th over - 0 run(s), 1 hit(s), 0 error(s), 1 left on base; Vancouver 2 - Richardson City 2
BOTTOM OF THE 9TH
Richardson City Thundercats batting - Pitching for Vancouver Grey Wolves : LHP Kevin Woods
Now at 1B: Tony Farquharson
Now at 2B: Enrique Fuentes
Batting: SHB Seishiro Nishimura 0-0: Ball
1-0: Foul Ball, location: 2F
1-1: Called Strike
1-2: DOUBLE (Flyball, 78XD)
Batting: SHB Leonard O'Connor 0-0: Ball
1-0: Fly out, F9 (Flyball, 9D)
Runner from 2nd tags up, SAFE at 3rd, no throw
Batting: RHB Alden Wiley 0-0: Intentional Walk
Batting: RHB Chriss Mann 0-0: Ball
1-0: Called Strike
1-1: Foul Ball, location: 2F
1-2: Ball
2-2: Ball
3-2: Fly out, F8 (Flyball, 8RM)
Runner from 3rd tags up, SCORES, throw made
This league is powered by Out of the Park Baseball, the baseball management simulation game for PC, Mac and Linux
Friday, July 8th, 2016 - OOTP Baseball 16.9 Build 39